 Dungeon Crawl Stone Soup version 0.16.2-3-ga078185 (webtiles) character file.

94 gorblad the Shield-Bearer (level 4, 0/35 HPs)
             Began as a Human Fighter on Sept 7, 2015.
             Was an Initiate of Okawaru.
             Succumbed to a scorpion's poison
             ... on level 3 of the Dungeon.
             The game lasted 00:11:47 (2685 turns).

gorblad the Shield-Bearer (Human Fighter)           Turns: 2685, Time: 00:11:47

Health: 0/35       AC:  8    Str: 16    XL:     4   Next: 94%
Magic:  4/4        EV:  7    Int:  8    God:    Okawaru [......]
Gold:   90         SH: 10    Dex: 14    Spells: 0 memorised, 3 levels left

rFire  . . .     SeeInvis .     o - +0 falchion
rCold  . . .     Clarity  .     b - +0 scale mail
rNeg   . . .     SustAb   .     c - +1 shield
rPois  .         Gourm    .     m - +0 helmet
rElec  .         Spirit   .     (no cloak)
rCorr  .         Warding  .     (no gloves)
rMut   +         Stasis   .     (no boots)
MR     .....                    j - amulet of resist mutation
Stlth  ..........               (no ring)
                                (no ring)

@: lethally poisoned (0 -> -7), not resistant to hostile enchantments, extremely
unstealthy
A: no striking features
a: Renounce Religion


You were on level 3 of the Dungeon.
You worshipped Okawaru.
Okawaru was noncommittal.
You were not hungry.

You visited 1 branch of the dungeon, and saw 3 of its levels.

You collected 90 gold pieces.

Inventory:

Hand weapons
 a - a +0 long sword
 o - a +0 falchion (weapon)
Armour
 b - a +0 scale mail (worn)
 c - a +1 shield (worn)
 m - a +0 helmet (worn)
Jewellery
 j - an amulet of resist mutation (around neck)
Scrolls
 i - a scroll of identify
 k - 2 scrolls of teleportation
 r - 2 scrolls of magic mapping {unknown}
 s - 2 scrolls of recharging {unknown}
 t - a scroll of fear {unknown}
 w - a scroll of random uselessness {unknown}
Potions
 e - a potion of might
 f - a potion of agility {unknown}
 g - 2 potions of haste {unknown}
 u - a potion of ambrosia {unknown}
Comestibles
 d - 3 bread rations
 l - a meat ration
 n - 2 slices of pizza
 v - 2 chunks of flesh


   Skills:
 + Level 3.3 Fighting
 + Level 2.6 Long Blades
 + Level 3.6 Armour
 + Level 1.2 Dodging
 + Level 3.9 Shields


You had 3 spell levels left.
You didn't know any spells.

Dungeon Overview and Level Annotations

Branches:
Dungeon (3/15)

Altars:
Okawaru


Message History

You hear a loud clanging noise!
It was a scroll of noise.
You block the scorpion's attack.
As you read the scroll labeled JEOMIN FRIHETS, it crumbles to dust.
It is a scroll of identify.
Identify which item? (\ to view known items) (? for menu, Esc to quit)
k - 2 scrolls of teleportation
* * * LOW HITPOINT WARNING * * *
You feel sick. The scorpion stings you.
* * * LOW HITPOINT WARNING * * *
Read which item? (? for menu, Esc to quit)
As you read the scroll labeled NEEDDI SEACAGOW, it crumbles to dust.
It is a scroll of enchant armour.
Enchant which item? (? for menu, Esc to quit)
Your +0 shield glows green for a moment.
* * * LOW HITPOINT WARNING * * *
You feel sick. You block the scorpion's attack.
Read which item? (? for menu, Esc to quit)
As you read the scroll labeled JIAP OFUMMICENT, it crumbles to dust.
The scroll dissolves into smoke.
It was a scroll of fog.
You die...

### ## #.( # .#
##.########.##.# .#
#....÷........... .#
#..#####.##.##.# .#### #..#
##.# ....# ##..# ##§.##
.##.## #...###@s§.#
.##..#####....§§§§§.........
.........÷.....§§§.#.###.#.
.###..................#
.###..##.#............#
..............##...#..#
.......................
.####.##...........#.... .#
#..####...##.....


You could see a scorpion.

Vanquished Creatures
  Terence (D:3)
  3 adders
  A worm (D:2)
  3 giant geckos
  4 goblins
  5 hobgoblins
  4 quokkas (D:2)
  7 bats
  2 giant cockroaches
  6 giant newts
  5 kobolds
  8 rats
49 creatures vanquished.

Notes
Turn   | Place    | Note
--------------------------------------------------------------
     0 | D:1      | gorblad, the Human Fighter, began the quest for the Orb.
     0 | D:1      | Reached XP level 1. HP: 18/18 MP: 1/1
   206 | D:1      | Reached XP level 2. HP: 21/24 MP: 2/2
   817 | D:1      | Reached XP level 3. HP: 29/29 MP: 3/3
   994 | D:2      | Found an iron altar of Okawaru.
  1006 | D:2      | Became a worshipper of Warmaster Okawaru
  1485 | D:2      | Reached XP level 4. HP: 8/35 MP: 4/4
  2281 | D:3      | Noticed Terence
  2306 | D:3      | Killed Terence
  2306 | D:3      | Reached skill level 1 in Dodging
  2684 | D:3      | HP: 1/35 [poisoned by a scorpion]
  2685 | D:3      | Succumbed to a scorpion's poison

Action                   |  1- 3 |  4- 6 || total
-------------------------+-------+-------++-------
Melee: Long sword        |    85 |       ||    85
       Falchion          |    56 |   103 ||   159
  Use: Scroll            |       |     4 ||     4
  Eat: Chunk             |     1 |     1 ||     2
       Bread ration      |     1 |       ||     1
